 Dungeon Crawl Stone Soup version 0.31-a0-486-g8d68a81214 (webtiles) character file.

Game seed: 10171694834156942432

2 GloriousHammer the Sneak (level 1, 0/10 HPs)
             Began as a Kobold Enchanter on Aug 7, 2023.
             Constricted to death by a ball python (1 damage)
             ... on level 1 of the Dungeon.
             The game lasted 00:01:05 (219 turns).

GloriousHammer the Sneak (Kobold Enchanter)          Turns: 219, Time: 00:01:06

Health: 0/10       AC:  2    Str:  5    XL:     1   Next: 44%
Magic:  3/3        EV: 12    Int: 16    God:
Gold:   34         SH:  0    Dex: 15    Spells: 4/4 levels left

rFire   . . .        a - +1 dagger
rCold   . . .        (no shield)
rNeg    . . .        b - +0 robe
rPois   .            (no helmet)
rElec   .            (no cloak)
rCorr   .            (no gloves)
SInv    .            (no boots)
Will    .....        (no amulet)
Stlth   ++++         (no ring)
HPRegen 0.21/turn    (no ring)
MPRegen 0.08/turn

%: no passive effects
@: constricted, invisible
A: small, no large weapons, nightstalker 3
a: no special abilities


You were on level 1 of the Dungeon.
You visited 1 branch of the dungeon, and saw 1 of its levels.

You collected 34 gold pieces.

Inventory:

Hand Weapons
 a - a +1 dagger (weapon)
Armour
 b - a +0 robe (worn)
Scrolls
 e - a scroll of identify {unknown}
Potions
 c - a potion of invisibility
 d - a potion of brilliance {unknown}


   Skills:
 + Level 1.5 Short Blades
 - Level 2.4 Dodging
 * Level 4.1 Stealth
 + Level 2.2 Spellcasting
 + Level 3.0 Hexes


You had 4 spell levels left.
You didn't know any spells.
Your spell library contained the following spells:

 Spells                   Type           Power      Damage    Failure   Level
 Ensorcelled Hibernation  Hex/Ice        12%        N/A       17%         2
 Confusing Touch          Hex            11%        N/A       17%         3
 Tukima's Dance           Hex            11%        N/A       17%         3
 Dazzling Flash           Conj/Hex       12%        N/A       32%         3
 Hailstorm                Conj/Ice       1%         3d3       52%         3
 Summon Ice Beast         Ice/Summ       1%         N/A       90%         4
 Simulacrum               Ice/Necr       0%         N/A       100%        6


Dungeon Overview and Level Annotations

Branches:
Dungeon (1/15)

Altars:


Innate Abilities, Weirdness & Mutations

You are small and have problems with some larger weapons.
You are completely attuned to the shadows.


Message History

There are monsters nearby!
You start waiting.
Done waiting.
You now have 4 gold pieces.
You now have 19 gold pieces (gained 15).
A rat comes into view.
Found a book of the Tundra.
You see here 3 gold pieces.
The helpless rat fails to defend itself.
You impale the rat!!
You kill the rat!
You now have 22 gold pieces (gained 3).
You pick up a book of the Tundra and begin reading...
You add the spells Hailstorm, Summon Ice Beast and Simulacrum to your library.
Found a ring mail.
d - a brown potion You now have 34 gold pieces (gained 12).
A kobold comes into view. It is wielding a +0 short sword.
The kobold shouts!
You hear an angry hiss. x2; You hear a bark!
You hear an angry hiss.
You see here a scroll labelled BINEYS TONAX SUPI.
You closely miss the kobold. The kobold hits you but does no damage.
You hit the kobold but do no damage. The kobold barely misses you.
You hit the kobold.
The kobold is severely wounded.
The kobold hits you with a +0 short sword.
You hit the kobold.
You kill the kobold!
A giant cockroach comes into view.
A jackal and a ball python come into view.
The ball python hisses angrily.
You see here a +0 short sword.
You see here a scroll labelled BINEYS TONAX SUPI.
e - a scroll labelled BINEYS TONAX SUPI You barely miss the giant cockroach.
The giant cockroach completely misses you.
The giant cockroach misses you.
You barely miss the giant cockroach. The giant cockroach barely misses you.
You closely miss the giant cockroach.
The giant cockroach bites you but does no damage.
You closely miss the giant cockroach. The giant cockroach misses you.
You hit the giant cockroach but do no damage.
The giant cockroach closely misses you.
You hit the giant cockroach but do no damage.
The giant cockroach closely misses you.
The jackal barks!
You hit the giant cockroach but do no damage.
You hear a bark!
The giant cockroach misses you. The giant cockroach closely misses you.
You hear an angry hiss.
You barely miss the giant cockroach.
A jackal comes into view.
The giant cockroach completely misses you.
You barely miss the giant cockroach. The giant cockroach bites you.
You hit the giant cockroach but do no damage.
A jackal comes into view.
The giant cockroach misses you.
You hit the giant cockroach.
The giant cockroach is moderately wounded.
The giant cockroach bites you but does no damage.
You hit the giant cockroach.
The giant cockroach is severely wounded.
The giant cockroach bites you.
You hit the giant cockroach.
You kill the giant cockroach!
You hit the ball python. Your punch misses the ball python.
The ball python is severely wounded.
The ball python misses you. The ball python grabs you.
The ball python constricts you.
You closely miss the ball python.
The ball python is severely wounded.
The jackal closely misses you. The ball python closely misses you.
The ball python constricts you.
You closely miss the jackal.
The jackal bites you but does no damage.
The ball python bites you. The ball python constricts you.
The jackal bites you.
You hit the jackal but do no damage. The ball python closely misses you.
The ball python constricts you. The jackal bites you.
The ball python bites you.
* * * LOW HITPOINT WARNING * * *
The ball python constricts you.
* * * LOW HITPOINT WARNING * * *
You fade into invisibility!
The jackal barely misses you. The ball python bites you.
* * * LOW HITPOINT WARNING * * *
The ball python constricts you.
You barely miss the jackal. The jackal barely misses you.
The ball python misses you. The ball python constricts you.
The jackal closely misses you.
You closely miss the jackal. The ball python barely misses you.
The ball python constricts you.
* * * LOW HITPOINT WARNING * * *
The jackal barely misses you.
You hit the jackal but do no damage. The ball python barely misses you.
The ball python constricts you.
You closely miss the ball python.
The ball python is heavily wounded.
The ball python barely misses you. The ball python constricts you.
You die...

............. #.
#.#..###.#.# #..
#####....# #.#.#
#.##......#..##.#..
#.......###..##.##.
##...#### #........
###...## ....#....
.$.....# #.#.#..#.
####@#... .........
###S#... .....##.#
#.hh..## .........
..........
.....##..
.....##..#
.[##.##.. ......
... .. #.....
..h... ##....
...... ##....


You could see 2 jackals and a ball python (unable to see you).

Vanquished Creatures
  A giant cockroach (D:1)
  A kobold (D:1)
  A rat (D:1)
3 creatures vanquished.

Notes
Turn   | Place    | Note
-------+----------+-------------------------------------------
     0 | D:1      | GloriousHammer the Kobold Enchanter began the quest for the
                  | Orb.
     0 | D:1      | Reached XP level 1. HP: 10/10 MP: 3/3
   219 | D:1      | Constricted to death by a ball python

Illustrated notes

Levels and vault maps discovered:
D:1:      dpeg_arrival_fog, layout_rooms, minmay_unequal

Action                     || total
---------------------------++-------
  Melee: Dagger            ||    26
    Use: Potion            ||     1
   Stab: Sleeping          ||     1
 Armour: Robe              ||     4
  Dodge: Dodged            ||    23

Table legend: (Time is in decaauts)
 A = Elapsed time spent in this place.
 B = Non-inter-level travel time spent in this place.
 C = Inter-level travel time spent in this place.
 D = Time resting spent in this place.
 E = Time spent auto-exploring this place.
 F = Levels seen in this place.
 G = Mean time per level.
                   A        B        C        D        E       F      G
               +--------+--------+--------+--------+--------+-----+--------+
         Total |    217 |    215 |      2 |    100 |     64 |   1 |  217.0 |
       Dungeon |    217 |    215 |      2 |    100 |     64 |   1 |  217.0 |
               +--------+--------+--------+--------+--------+-----+--------+

Top non-repeatable levels by time:
     D:1: 217 daAuts
